 Dungeon Crawl Stone Soup version 0.27-a0-385-g3208abaabc (webtiles) character file.

Game seed: 9682428789897905960

3428 kae the Ruffian (level 9, -2/88 HPs)
             Began as a Purple Draconian Transmuter on Feb 18, 2021.
             Was an Initiate of Ru.
             Collided with a rock wall (17 damage)
             ... caused by Erica
             ... on level 8 of the Dungeon.
             The game lasted 00:05:24 (9445 turns).

kae the Ruffian (Purple Draconian Transmuter)       Turns: 9445, Time: 00:05:25

Health: -2/88      AC: -1    Str: 16    XL:     9   Next: 76%
Magic:  0/18       EV: 17    Int: 13    God:    Ru [......]
Gold:   411        SH:  0    Dex: 18    Spells: 12/20 levels left

rFire    x . .     SeeInvis .     - Unarmed
rCold    + + +     Faith    .   (shield currently unavailable)
rNeg     . . .     Spirit   +   (armour unavailable)
rPois    +         Reflect  .   (helmet currently unavailable)
rElec    .         Harm     .   (cloak currently unavailable)
rCorr    .         Rampage  .   (gloves currently unavailable)
Will     +....                  (boots currently unavailable)
Stlth    ++........             l - amulet of guardian spirit
HPRegen  0.24/turn              d - +4 ring of evasion
MPRegen  0.16/turn              j - +6 ring of dexterity

@: ice-form, corroded
A: large, (breathe power), unfitting armour, AC +7
a: End Transformation, Renounce Religion


You were on level 8 of the Dungeon.
You worshipped Ru.
Ru was noncommittal.
You were a creature of crystalline ice.
You visited 2 branches of the dungeon, and saw 9 of its levels.

You collected 411 gold pieces.

Inventory:

Armour
 i - a +0 pair of gloves (melded)
 t - a +0 cloak (melded)
Jewellery
 d - a +4 ring of evasion (left front paw)
 j - a +6 ring of dexterity (right front paw)
 l - an amulet of guardian spirit (around neck)
 p - a ring of willpower
Wands
 h - a wand of mindburst (12)
 x - a wand of acid (10)
Scrolls
 c - 2 scrolls of enchant armour
 k - a scroll of magic mapping
 n - a scroll of fear
 u - a scroll of fog
 v - 2 scrolls of teleportation
Potions
 a - a potion of lignification
 b - 4 potions of might
 e - 3 potions of heal wounds {unknown}
 f - 4 potions of curing {unknown}
 g - a potion of degeneration {unknown}
 m - 2 potions of flight {unknown}
 o - 2 potions of attraction {unknown}
 q - a potion of ambrosia {unknown}
 s - a potion of mutation {unknown}
 w - a potion of haste


   Skills:
 + Level 5.1 Fighting
 + Level 4.6 Dodging
 * Level 7.4 Unarmed Combat
 + Level 6.1 Spellcasting
 * Level 6.9 Transmutations
 - Level 5.0 Ice Magic
 - Level 2.0 Poison Magic


You had 12 spell levels left.
You knew the following spells:

 Your Spells              Type           Power        Failure   Level
a - Beastly Appendage     Tmut           44%          1%          1
b - Spider Form           Tmut/Pois      7%           8%          3
c - Ice Form              Ice/Tmut       19%          14%         4

Your spell library contained the following spells:

 Spells                   Type           Power        Failure   Level
 Wereblood                Tmut           22%          1%          2
 Blade Hands              Tmut           11%          26%         5


Dungeon Overview and Level Annotations

Branches:
Dungeon (8/15)             Temple (1/1) D:5
   Lair: D:8-11

Altars:
Ashenzari
Dithmenos
Elyvilon
Fedhas
Hepliaklqana
Makhleb
Nemelex Xobeh
Okawaru
Qazlal
Ru
Sif Muna
Trog
Uskayaw
Wu Jian
Xom
Yredelemnul
Zin
The Shining One

Annotations:
D:7 3 runed translucent doors, kae's ghost, novice DrTm
D:8 Erica; Joseph


Innate Abilities, Weirdness & Mutations

((You can breathe bolts of dispelling energy.))
((Your rich purple scales are hard. (AC +7)))
You cannot fit into any form of body armour.
((You are cold-blooded and may be slowed by cold attacks.))


Message History

The white imp laughs crazily.
The white imp hits you but does no damage.
Erica the Fiery-Tempered comes into view.
She is wielding a +2 scimitar of flaming and carrying a wand of acid (7).
You barely miss the white imp.
The white imp is almost dead.
The white imp misses you.
You hit the white imp.
You kill the white imp!
Erica casts a spell at you. The lance of force hits you!!
You are knocked back by the lance of force.
Found a spear.
Erica is nearby!
Erica is nearby!
Erica zaps a wand.
The bolt of acid misses you.
You pummel Erica!! You freeze Erica!
Erica is heavily wounded.
Erica zaps a wand.
The bolt of acid hits you but does no damage.
The acid corrodes you!
You are splashed with acid!
You are too injured to fight recklessly!
You are too injured to fight recklessly!
You are too injured to fight recklessly!
You are too injured to fight recklessly!
You barely miss Erica.
Erica is heavily wounded.
Erica points at you and mumbles some strange words.
You easily resist.
You punch Erica! You freeze Erica.
Erica is severely wounded.
Erica zaps a wand.
The bolt of acid hits you! The acid corrodes you!
You are splashed with acid!
You closely miss Erica.
Erica is severely wounded.
Erica points at you and mumbles some strange words.
The lance of force hits you!!
* * * LOW HITPOINT WARNING * * *
You are knocked back by the lance of force.
You slam into the rock wall!
You die...

#.# . #.# . ##.. .#
... .## #.##..##..
#.#....). #.@..#...
### #Y..#....
#.#####.#####.........
#.....................
..
##..#..####.....#####.
..##.. ##.## #....##
....# #..###....#
#..## #...##.....#
#..###..........#
#..##...#.......[.


You could see Erica.

Vanquished Creatures
  Pikel (D:7)
  A centaur skeleton (D:7)
  Grinder (D:3)
  Eustachio (D:4)
  Menkaure (D:4)
  4 ice beasts
  3 sky beasts
  A black bear (D:8)
  2 ogres
  A lemure (D:7)
  4 bullfrogs
  A scorpion (D:4)
  A wyvern skeleton (D:6)
  A howler monkey (D:6)
  3 wights (D:6)
  A quasit (D:6)
  4 jellies
  A hound (D:6)
  An orc priest (D:3)
  5 orc wizards
  2 iguanas
  Natasha (thrice) (D:4)
  6 worker ants
  A hound zombie (D:6)
  A worker ant zombie (D:4)
  3 gnolls (D:5)
  12 adders
  A shadow imp (D:5)
  A white imp (D:8)
  An ooze (D:2)
  An ufetubus (D:7)
  2 adder skeletons
  6 worms
  A dart slug (D:3)
  4 leopard geckos
  14 orcs
  2 ball pythons
  6 bats
  3 giant cockroaches
  10 goblins
  2 hobgoblins
  7 jackals
  2 quokkas
  4 frilled lizards
  3 kobolds (D:1)
  A quokka skeleton (D:6)
  13 rats
150 creatures vanquished.

Vanquished Creatures (others)
  An orc (D:3)
  A quokka (D:3)
  2 fungi (D:2)
  3 toadstools (D:2)
7 creatures vanquished.

Grand Total: 157 creatures vanquished

Notes
Turn   | Place    | Note
-------+----------+-------------------------------------------
     0 | D:1      | kae the Draconian Transmuter began the quest for the Orb.
     0 | D:1      | Reached XP level 1. HP: 16/16 MP: 3/3
   125 | D:1      | Reached XP level 2. HP: 19/23 MP: 3/5
  1013 | D:2      | Found a shimmering blue altar of Sif Muna.
  1034 | D:2      | Reached XP level 3. HP: 28/28 MP: 4/6
  1041 | D:2      | Learned a level 3 spell: Spider Form
  1840 | D:2      | Found a hide-covered altar of Uskayaw.
  1879 | D:3      | Reached XP level 4. HP: 26/36 MP: 5/7
  2588 | D:3      | Found a shadowy altar of Dithmenos.
  2617 | D:3      | Found a white marble altar of Elyvilon.
  2651 | D:3      | Reached skill level 4 in Unarmed Combat
  2751 | D:3      | Noticed Grinder
  2752 | D:3      | Paralysed by Grinder for 4 turns
  2772 | D:3      | Paralysed by Grinder for 6 turns
  2785 | D:3      | Killed Grinder
  2786 | D:3      | Reached XP level 5. HP: 21/42 MP: 2/9
  2786 | D:3      | Reached XP level 6. HP: 26/50 MP: 2/10
  3032 | D:3      | Learned a level 4 spell: Ice Form
  3703 | D:4      | Noticed Natasha
  3709 | D:4      | Noticed Menkaure
  3711 | D:4      | Killed Natasha
  3712 | D:4      | Reached skill level 1 in Ice Magic
  3835 | D:4      | Your scales start taking on a rich purple colour.
  3835 | D:4      | Reached XP level 7. HP: 56/56 MP: 8/12
  3879 | D:4      | Killed Menkaure
  3880 | D:4      | Reached skill level 5 in Unarmed Combat
  3880 | D:4      | Reached skill level 1 in Poison Magic
  3922 | D:4      | Noticed Natasha
  3926 | D:4      | Noticed Eustachio
  3929 | D:4      | Killed Natasha
  3939 | D:4      | Killed Eustachio
  4251 | D:4      | Noticed Natasha
  4255 | D:4      | Killed Natasha
  4817 | D:5      | Entered Level 5 of the Dungeon
  4985 | D:5      | Found a staircase to the Ecumenical Temple.
  5252 | D:5      | Reached XP level 8. HP: 32/63 MP: 11/14
  5715 | D:5      | Reached skill level 5 in Transmutations
  6346 | D:6      | Found a blossoming altar of Fedhas.
  6377 | D:6      | Reached skill level 6 in Unarmed Combat
  6840 | D:6      | Reached skill level 5 in Spellcasting
  7094 | D:6      | Reached XP level 9. HP: 72/72 MP: 11/16
  7583 | D:7      | Found a glowing golden altar of the Shining One.
  7643 | D:7      | Found a burning altar of Makhleb.
  7675 | D:7      | Found a glowing silver altar of Zin.
  7675 | D:7      | Noticed an angel
  7675 | D:7      | Noticed an Executioner
  7858 | Temple   | Entered the Ecumenical Temple
  8104 | D:7      | Found a runed translucent gate.
  8104 | D:7      | Found a runed translucent gate.
  8105 | D:7      | Found a runed translucent gate.
  8106 | D:7      | Noticed a cyclops
  8106 | D:7      | Noticed kae's ghost (novice DrTm)
  8296 | D:7      | Found a sacrificial altar of Ru.
  8386 | D:7      | Became a worshipper of Ru the Awakened
  8565 | D:7      | Noticed Pikel
  8574 | D:7      | Killed Pikel
  8575 | D:7      | Reached skill level 5 in Fighting
  8575 | D:7      | Reached skill level 7 in Unarmed Combat
  8575 | D:7      | Reached skill level 5 in Ice Magic
  8879 | D:7      | Noticed a moth of wrath
  8882 | D:7      | Found a bloodstained altar of Trog.
  9273 | D:8      | Noticed Joseph
  9435 | D:8      | Noticed Erica
  9445 | D:8      | Collided with a rock wall

Illustrated notes

Levels and vault maps discovered:
D:1:      wheals_arrival_shading, layout_loops_cross, minmay_tetromino_l4
D:2:      layout_loops_cross, lemuel_crystal_altar,
          nicolae_overflow_hidden_temple, minmay_gold_behind_fungi,
          minmay_misc_feat_iff, chequers_serial_rivers_micro_e
D:3:      layout_basic, elyvilon_altar_4, grunt_dithmenos_smoke_and_mirrors,
          uniq_grinder
D:4:      layout_basic, due_unseen_surprise, uniq_natasha, uniq_menkaure,
          uniq_eustachio
D:5:      layout_loops_corners, minmay_temple_entry_glassed_door
D:6:      layout_basic, nicolae_overflow_crystal_walls
D:7:      layout_basic, tgw_trog, nicolae_tso_carved_into_rock,
          grunt_temple_overflow_order_and_chaos_2, gammafunk_ghost_split,
          hangedman_ru_absence, uniq_pikel
D:8:      layout_layer_cave, cheibrodos_worm_habitat, gammafunk_ghost_smash,
          guppyfry_early_elven_hall, uniq_joseph, uniq_harold, uniq_erica,
          uniq_psyche
Temple:   dpeg_three_leaves_temple

Skill      XL: |  1  2  3  4  5  6  7  8  9 |
---------------+----------------------------+-----
Dodging        | 2 3 4 |  4.6
Fighting       | 2 3 4 5 |  5.1
Transmutations | 3 4 5 6 |  6.9
Unarmed Combat | 4 5 6 7 |  7.4
Spellcasting   | 3 4 5 6 |  6.1
Ice Magic      | 1 2 4 5 |  5.0
Poison Magic   | 1 2 |  2.0

Action                   |  1- 3 |  4- 6 |  7- 9 || total
-------------------------+-------+-------+-------++-------
Melee: Unarmed           |   106 |   115 |   272 ||   493
       Kick              |    17 |     8 |       ||    25
       Headbutt          |     8 |     8 |       ||    16
       Tailslap          |     5 |    10 |     6 ||    21
       Punch             |     1 |     1 |     2 ||     4
 Cast: Beastly Appendage |    23 |    11 |       ||    34
       Spider Form       |       |    11 |    19 ||    30
       Ice Form          |       |       |    22 ||    22
 Abil: Breathe Dispellin |       |       |     3 ||     3
  Use: Scroll            |     4 |     1 |     6 ||    11
 Stab: Sleeping          |     1 |       |       ||     1
Armor: Skin              |    27 |    14 |    41 ||    82
Dodge: Dodged            |    88 |   111 |   202 ||   401

Table legend: (Time is in decaauts)
 A = Elapsed time spent in this place.
 B = Non-inter-level travel time spent in this place.
 C = Inter-level travel time spent in this place.
 D = Time resting spent in this place.
 E = Time spent auto-exploring this place.
 F = Levels seen in this place.
 G = Mean time per level.
                   A        B        C        D        E       F      G
               +--------+--------+--------+--------+--------+-----+--------+
         Total |   9404 |   8923 |    481 |    199 |   7551 |   9 | 1044.9 |
       Dungeon |   9323 |   8857 |    466 |    199 |   7486 |   8 | 1165.4 |
        Temple |     80 |     66 |     14 |      0 |     65 |   1 |   80.0 |
               +--------+--------+--------+--------+--------+-----+--------+

Top non-repeatable levels by time:
     D:6: 1607 daAuts
     D:7: 1469 daAuts
     D:3: 1366 daAuts
     D:4: 1356 daAuts
     D:5: 1246 daAuts
     D:2: 1094 daAuts
     D:1: 984 daAuts
     D:8: 198 daAuts
  Temple: 80 daAuts
